AoeStats
← xxzxg_Nono

Oasis

510063754Analyzed
4v4 RM · 3d ago on Sep 29, 2026· 43m 17s· 8 players
Game mode
Random Map
Map size
Large (8 player)
Population
200
Speed
Normal
Resources
Standard
Victory
Conquest
Starting age
Dark Age
Ending age
Imperial Age
RankedLock teamsTeams togetherTeam positionsShared explorationLock speedFull tech treeHidden civsTurbo modeCheats
Victory
Defeat
🇭🇰 Koreans · Hong Kong SAR China
984
+14
🇨🇳 Spanish · China
956
+16
🇪🇸 Persians · Spain
922
+17
🇨🇳 Magyars · China
918
+17
🇪🇸 Saxons · Spain
979
-17
🇯🇴 Britons · Jordan
975
-17
🇩🇪 Burgundians · Germany
939
-16
🇺🇸 Khitans · United States
889
-14
diepat
9:31 Loom
12:33 Feudal Age
15:03 Double-Bit Axe
16:22 Horse Collar
18:41 Gold Mining
18:43 Stone Mining
22:45 Castle Age
24:22 Bow Saw
25:15 Wheelbarrow
29:09 Imperial Age
29:18 Imperial Age
28:07 Heavy Plow
30:16 Fletching
31:28 Chemistry
32:57 Ballistics
32:25 Arrowslits
36:51 Eupseong
38:41 Bodkin Arrow
41:13 Gold Shaft Mining
41:18 Stone Shaft Mining
41:33 Bracer
43:23 Two-Man Saw
42:48 Murder Holes
42:34 Treadmill Crane
Karlos
11:37 Feudal Age
15:30 Castle Age
13:43 Double-Bit Axe
14:15 Stone Mining
17:50 Bow Saw
18:00 Horse Collar
22:06 Heavy Plow
23:27 Wheelbarrow
23:54 Gold Mining
28:10 Imperial Age
26:22 Forging
26:17 Scale Barding Armor
27:17 Stone Shaft Mining
27:19 Gold Shaft Mining
27:51 Bloodlines
27:44 Husbandry
28:20 Chain Barding Armor
28:56 Cavalier
30:42 Hand Cart
31:43 Iron Casting
32:54 Two-Man Saw
33:46 Savar
36:19 Plate Barding Armor
36:44 Blast Furnace
40:16 Caravan
41:10 Crop Rotation
41:36 Padded Archer Armor
41:27 Fletching
xxzxg_Nono
11:43 Feudal Age
17:28 Castle Age
16:15 Horse Collar
19:46 Double-Bit Axe
21:17 Husbandry
21:27 Bloodlines
26:08 Inquisition
28:08 Ballistics
27:52 Loom
28:37 Fervor
29:38 Scale Barding Armor
29:44 Forging
34:42 Imperial Age
34:24 Wheelbarrow
35:29 Sanctity
36:04 Conscription
36:27 Theocracy
36:08 Block Printing
36:19 Illumination
37:12 Chain Barding Armor
38:15 Padded Archer Armor
39:00 Plate Barding Armor
40:18 Chemistry
39:15 Murder Holes
39:25 Caravan
39:20 Elite Skirmisher
40:05 Thumb Ring
40:30 Bow Saw
40:50 Atonement
41:00 Redemption
42:34 Leather Archer Armor
42:31 Thumb Ring
42:56 Fletching
紫幽冰云
10:39 Feudal Age
11:24 Horse Collar
11:34 Double-Bit Axe
19:04 Castle Age
21:15 Bow Saw
21:13 Heavy Plow
22:40 Wheelbarrow
23:42 Stone Mining
24:16 Gold Mining
25:06 Hand Cart
32:04 Imperial Age
29:49 Thumb Ring
29:43 Fletching
29:53 Padded Archer Armor
31:03 Caravan
31:42 Bodkin Arrow
32:03 Leather Archer Armor
32:39 Gold Shaft Mining
33:17 Ballistics
34:15 Parthian Tactics
34:09 Bracer
35:41 Recurve Bow
36:02 Conscription
36:28 Ring Archer Armor
37:05 Chemistry
36:27 Heavy Cavalry Archer
37:00 Town Watch
38:19 Husbandry
38:30 Bloodlines
41:01 Two-Man Saw
40:33 Crop Rotation
rugby
10:54 Feudal Age
9:16 Double-Bit Axe
17:12 Horse Collar
17:46 Bow Saw
18:36 Gold Mining
18:38 Stone Mining
18:58 Heavy Plow
21:21 Castle Age
20:09 Wheelbarrow
21:18 Stone Shaft Mining
21:20 Gold Shaft Mining
24:21 Crop Rotation
25:16 Two-Man Saw
29:27 Caravan
36:08 Imperial Age
33:54 Hand Cart
34:01 Burgundian Vineyards
35:34 Scale Barding Armor
35:29 Scale Mail Armor
35:40 Forging
35:21 Fletching
35:32 Padded Archer Armor
36:33 Elite Skirmisher
37:51 Ballistics
37:28 Murder Holes
37:44 Fortified Wall
37:15 Treadmill Crane
37:53 Elite Coustillier
40:52 Chemistry
39:38 Arrowslits
40:15 Chain Barding Armor
41:58 Elite Coustillier
MIERES
10:38 Feudal Age
15:32 Castle Age
13:31 Double-Bit Axe
13:30 Horse Collar
13:56 Loom
16:48 Bow Saw
16:41 Heavy Plow
16:42 Stone Mining
17:35 Wheelbarrow
29:13 Imperial Age
27:12 Scale Mail Armor
27:22 Forging
27:05 Fletching
28:16 Chain Mail Armor
30:11 Iron Casting
29:31 Bodkin Arrow
29:38 Gold Mining
29:43 Shield Wall
30:57 Conscription
31:28 Gold Shaft Mining
31:49 Conscription
33:31 Plate Mail Armor
38:24 Elite Varangian Guard
40:35 Two-Man Saw
40:13 Crop Rotation
39:58 Squires
JayJay
3:56 Loom
13:16 Feudal Age
14:57 Wheelbarrow
14:22 Double-Bit Axe
14:56 Town Watch
15:05 Domestication
15:18 Gold Mining
16:47 Town Watch
23:49 Castle Age
23:29 Stone Mining
24:42 Husbandry
25:00 Scale Barding Armor
26:19 Hand Cart
27:19 Bow Saw
29:23 Forging
31:09 Caravan
32:15 Town Patrol
32:35 Pastoralism
33:54 Elite Skirmisher
34:42 Thumb Ring
36:36 Chain Barding Armor
37:59 Padded Archer Armor
37:50 Fletching
38:02 Padded Archer Armor
38:30 Bodkin Arrow
38:42 Padded Archer Armor
39:53 Lamellar Armor
41:31 Leather Archer Armor
41:54 Iron Casting
Nos Speed
0:28 Loom
10:51 Feudal Age
12:08 Double-Bit Axe
12:19 Horse Collar
18:17 Castle Age
22:10 Elite Skirmisher
24:00 Gold Mining
27:01 Fervor
28:25 Ballistics
29:09 Fletching
29:25 Town Watch
32:29 Yeomen
33:04 Bow Saw
33:31 Bodkin Arrow
35:10 Caravan
35:31 Padded Archer Armor
36:30 Leather Archer Armor
41:00 Imperial Age
38:05 Pikeman
38:46 Squires
41:32 Gold Shaft Mining
41:25 Fortified Wall
41:11 Murder Holes
42:57 Conscription
41:59 Elite Longbowman
Connection lost

Rejoining the realm…

Still unreachable

The connection could not be restored.

Session expired

The server has moved on; the page needs a fresh start.